AoeStats
← TIMVP

Arabia

508556918Analyzed
2v2 RM · 9d ago on Sep 23, 2026· 44m 42s· 4 players
Game mode
Random Map
Map size
Medium (4 player)
Population
200
Speed
Normal
Resources
Standard
Victory
Conquest
Starting age
Dark Age
Ending age
Imperial Age
RankedLock teamsTeams togetherTeam positionsShared explorationLock speedFull tech treeHidden civsTurbo modeCheats
Victory
Defeat
🇦🇷 Poles · Argentina
747
+16
🇦🇷 Vietnamese · Argentina
689
+31
🇵🇪 Aztecs · Peru
749
-17
🇵🇪 Inca · Peru
738
-17
Crotovich
8:30 Loom
11:06 Feudal Age
13:50 Double-Bit Axe
13:48 Horse Collar
14:52 Gold Mining
19:08 Padded Archer Armor
22:43 Castle Age
22:47 Crossbowman
23:50 Leather Archer Armor
24:28 Wheelbarrow
25:49 Fletching
29:21 Thumb Ring
31:43 Bow Saw
31:40 Heavy Plow
33:22 Stone Mining
33:36 Bodkin Arrow
36:10 Hand Cart
41:06 Imperial Age
41:28 Scale Barding Armor
41:31 Elite Battle Elephant
43:25 Ballistics
Duskah7769
3:54 Loom
11:03 Feudal Age
11:43 Double-Bit Axe
13:13 Wheelbarrow
21:04 Castle Age
19:03 Horse Collar
21:38 Forging
22:12 Gold Mining
24:08 Scale Barding Armor
23:55 Fletching
24:24 Bow Saw
24:53 Padded Archer Armor
26:11 Bodkin Arrow
28:16 Leather Archer Armor
28:51 Thumb Ring
28:54 Stone Mining
32:08 Husbandry
32:18 Bloodlines
34:53 Szlachta Privileges
34:50 Treadmill Crane
36:30 Ballistics
41:05 Scale Mail Armor
43:22 Light Cavalry
TIMVP
3:00 Loom
13:53 Feudal Age
15:28 Wheelbarrow
14:41 Double-Bit Axe
15:59 Man-at-Arms
25:01 Castle Age
23:26 Scale Mail Armor
23:47 Gold Mining
23:51 Stone Mining
23:53 Horse Collar
27:05 Squires
26:26 Pikeman
31:37 Fletching
32:15 Bodkin Arrow
34:58 Elite Skirmisher
36:32 Padded Archer Armor
36:59 Chain Mail Armor
36:55 Forging
45:47 Imperial Age
A†ilA
11:47 Feudal Age
13:59 Wheelbarrow
18:55 Horse Collar
19:12 Double-Bit Axe
20:48 Loom
28:17 Castle Age
27:53 Fletching
28:39 Elite Skirmisher
34:33 Hand Cart
34:20 Crossbowman
35:00 Bodkin Arrow
36:16 Gold Mining
36:40 Bow Saw
36:33 Heavy Plow
43:29 Crossbowman
Connection lost

Rejoining the realm…

Still unreachable

The connection could not be restored.

Session expired

The server has moved on; the page needs a fresh start.